AoeStats
← Thyrannosaurus

Arabia

503878338Analyzed
1v1 RM · 1mo ago on Sep 2, 2026· 51m 7s· 2 players
Game mode
Random Map
Map size
Tiny (2 player)
Population
200
Speed
Normal
Resources
Standard
Victory
Conquest
Starting age
Dark Age
Ending age
Imperial Age
RankedLock teamsTeams togetherTeam positionsShared explorationLock speedFull tech treeHidden civsTurbo modeCheats
Victory
Defeat
🇸🇪 Japanese · Sweden
408
+7
🇦🇷 Khmer · Argentina
195
-7
soyjimenez_82
10:09 Feudal Age
22:52 Castle Age
32:54 Husbandry
33:05 Bloodlines
32:16 Light Cavalry
Thyrannosaurus
0:49 Loom
14:51 Feudal Age
17:08 Wheelbarrow
16:21 Town Watch
23:57 Castle Age
24:59 Padded Archer Armor
24:52 Fletching
25:16 Scale Mail Armor
24:48 Crossbowman
26:45 Thumb Ring
27:33 Stone Mining
27:36 Double-Bit Axe
27:50 Pikeman
28:23 Gambesons
28:46 Bodkin Arrow
30:17 Squires
32:48 Ballistics
36:17 Hand Cart
42:52 Imperial Age
44:39 Chemistry
45:55 Town Patrol
45:25 Elite Samurai
47:58 Onager
49:08 Halberdier
49:26 Light Cavalry
Connection lost

Rejoining the realm…

Still unreachable

The connection could not be restored.

Session expired

The server has moved on; the page needs a fresh start.